 Dungeon Crawl Stone Soup version 0.27.0-1-g7a089689b8 (webtiles) character file.

Game seed: 11724908036291600352

98 MrDassem the Chopper (level 4, -2/41 HPs)
             Began as a Minotaur Fighter on Aug 14, 2021.
             Splashed by a jelly's acid (10 damage)
             ... on level 2 of the Dungeon.
             The game lasted 00:02:34 (1311 turns).

MrDassem the Chopper (Minotaur Fighter)             Turns: 1311, Time: 00:02:34

Health: -2/41      AC:  5    Str: 22    XL:     4   Next: 44%
Magic:  3/3        EV:  5    Int:  5    God:
Gold:   33         SH:  9    Dex:  9    Spells: 3/3 levels left

rFire    . . .     SeeInvis .   a - +0 war axe
rCold    . . .     Faith    .   c - +0 kite shield
rNeg     . . .     Spirit   .   e - +0 chain mail
rPois    .         Reflect  .   (helmet restricted)
rElec    .         Harm     .   (no cloak)
rCorr    .         Rampage  .   (no gloves)
Will     .....                  (no boots)
Stlth    ..........             (no amulet)
HPRegen  0.13/turn              (no ring)
MPRegen  0.08/turn              (no ring)

@: corroded
A: horns 2, retaliatory headbutt
a: no special abilities


You were on level 2 of the Dungeon.
You visited 1 branch of the dungeon, and saw 2 of its levels.

You collected 33 gold pieces.

Inventory:

Hand Weapons
 a - a +0 war axe (weapon)
Armour
 c - a +0 kite shield (worn)
 e - a +0 chain mail (worn)
Scrolls
 b - 2 scrolls of teleportation {unknown}
 g - a scroll of amnesia {unknown}
 i - a scroll of identify {unknown}
 j - 2 scrolls of enchant weapon {unknown}
Potions
 d - a potion of might
 f - a potion of curing {unknown}
 h - a potion of heal wounds {unknown}


   Skills:
 + Level 4.7 Fighting
 * Level 4.9 Axes
 - Level 3.6 Armour
 - Level 3.6 Shields


You had 3 spell levels left.
You didn't know any spells.
Your spell library contained the following spells:

 Spells                   Type           Power      Damage    Failure   Level
 Animate Skeleton         Necr           0%         N/A       100%        1
 Pain                     Necr           0%         1d4       100%        1
 Vampiric Draining        Necr           0%         2d6       100%        3


Dungeon Overview and Level Annotations

Branches:
Dungeon (2/15)

Altars:


Innate Abilities, Weirdness & Mutations

You have a pair of horns on your head.
You reflexively headbutt those who attack you in melee.


Message History

You hit the endoplasm but do no damage.
A nearby fungus withers and dies.
The endoplasm hits you.
The endoplasm hits you but does no damage.
The endoplasm hits you.
You have reached level 4!
You feel stronger.
You hit the endoplasm.
You kill the endoplasm!
You slash the endoplasm!
You kill the endoplasm!
A nearby fungus withers and dies.
The endoplasm hits the fungus.
The endoplasm jiggles.
The endoplasm freezes you.
You are frozen.
You hit the endoplasm.
The endoplasm is almost dead.
You hit the endoplasm.
A nearby fungus withers and dies.
The endoplasm freezes you.
You are frozen.
The endoplasm freezes you.
You are frozen.
You hit the endoplasm.
You kill the endoplasm!
You slash the jelly! The acid corrodes you!
Your hands burn!
You block the jelly's attack.
Unknown command.
You are too injured to fight recklessly!
Unknown command.
You are too injured to fight recklessly!
You slash the jelly!
Your hands burn!
You headbutt the jelly.
You kill the jelly!
You hit the jelly.
Your hands burn!
* * * LOW HITPOINT WARNING * * *
The endoplasm freezes you.
You are frozen.
* * * LOW HITPOINT WARNING * * *
You block the endoplasm's attack. The jelly hits you.
* * * LOW HITPOINT WARNING * * *
You are splashed with acid!
You die...

#.......##.....##.
#.......##......#.
#.......##...####.
#.(.....##........
#....######.......
#....'..###.......
########.##.......
##.....)###.......
#@####### #..#####
#JJJ..÷÷P. #..#
#..J...... #..#
#.....P÷.. #..#
#.P÷P...P. #..#
#......... ####
#....÷...$
##########


You could see a jelly and 3 endoplasms.

Vanquished Creatures
  2 jellies (D:2)
  A gnoll (D:1)
  An adder (D:2)
  4 ball pythons
  9 endoplasms
  A giant cockroach (D:1)
  A hobgoblin (D:1)
  2 jackals (D:2)
  13 kobolds
  2 quokkas (D:1)
  4 bats
  3 frilled lizards
  2 goblins
  3 rats
48 creatures vanquished.

Vanquished Creatures (others)
  3 fungi (D:2)
  11 plants (D:2)
  9 toadstools (D:2)
23 creatures vanquished.

Grand Total: 71 creatures vanquished

Notes
Turn   | Place    | Note
-------+----------+-------------------------------------------
     0 | D:1      | MrDassem the Minotaur Fighter began the quest for the Orb.
     0 | D:1      | Reached XP level 1. HP: 19/19 MP: 0/0
   344 | D:1      | Reached XP level 2. HP: 22/27 MP: 1/1
   773 | D:1      | Reached XP level 3. HP: 28/33 MP: 2/2
  1308 | D:2      | Reached XP level 4. HP: 27/41 MP: 3/3
  1311 | D:2      | Splashed by a jelly's acid

Illustrated notes

Levels and vault maps discovered:
D:1:      wander_arrival_chamber, layout_basic
D:2:      cheibrodos_fertilizer, layout_basic,
          dilly_ecumenical_altar_fadedgnrine, chequers_serial_rivers_micro_b

Skill      XL: |  1  2  3 |
---------------+----------+-----
Axes           | 3 4 |  4.9
Fighting       | 4 |  4.7
Armour         | |  3.6
Shields        | |  3.6

Action                   |  1- 3 |  4- 6 || total
-------------------------+-------+-------++-------
Melee: War axe           |   108 |     4 ||   112
       Headbutt          |    15 |     1 ||    16
Armor: Chain mail        |    56 |       ||    56
       Scale mail        |     4 |       ||     4
Dodge: Dodged            |    26 |       ||    26
Block: Kite shield       |    50 |     2 ||    52
